TOP OF THE 1ST |
Philadelphia Phillies batting - Pitching for Arizona Diamondbacks : LHP Max Fried
|
Pitching: LHP Max Fried
|
|
Batting: LHB Leonys Martin
|
0-0: Swinging Strike 0-1: Foul Ball, location: 2F 0-2: Ball 1-2: Strikes out swinging
|
Batting: SHB Ketel Marte
|
0-0: Ball 1-0: Fly out, F8 (Line Drive, 8RM, EV 88.1 MPH)
|
Batting: RHB Giancarlo Stanton
|
0-0: Foul Ball, location: 2F 0-1: Ball 1-1: Swinging Strike 1-2: Foul Ball, location: 2F 1-2: SINGLE (Groundball, 56D, EV 105.6 MPH)
|
Batting: RHB Jesus Aguilar
|
0-0: Foul Ball, location: 2F 0-1: Swinging Strike 0-2: Ball 1-2: Foul Ball, location: 2F 1-2: Fly out, F8 (Flyball, 8LM, EV 94.4 MPH)
|
Top of the 1st over - 0 runs, 1 hit, 0 errors, 1 left on base; Philadelphia 0 - Arizona 0 |
BOTTOM OF THE 1ST |
Arizona Diamondbacks batting - Pitching for Philadelphia Phillies : RHP Miguel Castro
|
Pitching: RHP Miguel Castro
|
|
Batting: LHB Raimel Tapia
|
0-0: Ball 1-0: Ball 2-0: Foul Ball, location: 2F 2-1: Foul Ball, location: 2F 2-2: Fly out, F8 (Flyball, 8RS, EV 73.8 MPH)
|
Batting: LHB Alex Verdugo
|
0-0: Foul Ball, location: 2F 0-1: Ground out 6-3 (Groundball, 6M, EV 100.6 MPH)
|
Batting: RHB Gleyber Torres
|
0-0: Swinging Strike 0-1: Ball 1-1: Ball 2-1: Fly out, F5 (Popup, 6S, EV 84.4 MPH)
|
Bottom of the 1st over - 0 runs, 0 hits, 0 errors, 0 left on base; Philadelphia 0 - Arizona 0 |
TOP OF THE 2ND |
Philadelphia Phillies batting - Pitching for Arizona Diamondbacks : LHP Max Fried
|
Batting: LHB David Peralta
|
0-0: Fly out, F7 (Line Drive, 7D, EV 91.9 MPH)
|
Batting: RHB Todd Frazier
|
0-0: Ball 1-0: Called Strike 1-1: Ball 2-1: Fly out, F8 (Flyball, 78D, EV 90.0 MPH)
|
Batting: RHB Josh Harrison
|
0-0: Ball 1-0: Ball 2-0: Ball 3-0: Base on Balls
|
Batting: RHB Russell Martin
|
0-0: Called Strike 0-1: Foul Ball, location: 2F 0-2: Hit by Pitch Josh Harrison to second
|
Batting: RHB Miguel Castro
|
0-0: Reached on error, E3 (Groundball, 34, EV 83.1 MPH) Josh Harrison to third Russell Martin to second
|
Batting: LHB Leonys Martin
|
0-0: Called Strike 0-1: SINGLE (Groundball, 5D, EV 98.1 MPH) Josh Harrison scores Russell Martin to third Miguel Castro to second Runner from 3rd tries for Home, SAFE, no throw by LF
|
Batting: SHB Ketel Marte
|
0-0: Ball 1-0: Ball 2-0: Called Strike 2-1: Ball 3-1: Ground out 4-3 (Groundball, 4, EV 75.6 MPH)
|
Top of the 2nd over - 2 runs, 1 hit, 1 error, 2 left on base; Philadelphia 2 - Arizona 0 |
BOTTOM OF THE 2ND |
Arizona Diamondbacks batting - Pitching for Philadelphia Phillies : RHP Miguel Castro
|
Batting: LHB Ryan McMahon
|
0-0: Ball 1-0: Fly out, F7 (Line Drive, 7, EV 98.8 MPH)
|
Batting: SHB Francisco Mejia
|
0-0: Ground out 5-3 (Groundball, 5, EV 107.5 MPH)
|
Batting: LHB Josh Reddick
|
0-0: Ball 1-0: Fly out, F7 (Flyball, 7, EV 80.6 MPH)
|
Bottom of the 2nd over - 0 runs, 0 hits, 0 errors, 0 left on base; Philadelphia 2 - Arizona 0 |
TOP OF THE 3RD |
Philadelphia Phillies batting - Pitching for Arizona Diamondbacks : LHP Max Fried
|
Batting: RHB Giancarlo Stanton
|
0-0: Ball 1-0: Called Strike 1-1: Swinging Strike 1-2: Strikes out swinging
|
Batting: RHB Jesus Aguilar
|
0-0: Foul Ball, location: 2F 0-1: Ball 1-1: Foul Ball, location: 2F 1-2: Ball 2-2: Strikes out swinging
|
Batting: LHB David Peralta
|
0-0: Ground out U3 (Groundball, 3S, EV 83.1 MPH)
|
Top of the 3rd over - 0 runs, 0 hits, 0 errors, 0 left on base; Philadelphia 2 - Arizona 0 |
BOTTOM OF THE 3RD |
Arizona Diamondbacks batting - Pitching for Philadelphia Phillies : RHP Miguel Castro
|
Batting: RHB Tim Beckham
|
0-0: Ball 1-0: Fly out, F9 (Line Drive, 9, EV 105.0 MPH)
|
Batting: RHB Zack Short
|
0-0: Ball 1-0: Foul Ball, location: 2F 1-1: Ball 2-1: DOUBLE (Line Drive, 89D, EV 113.1 MPH)
|
Pitching: LHP Alex Claudio
|
|
Batting: LHB Max Fried
|
0-0: Ball 1-0: Called Strike 1-1: Swinging Strike 1-2: Foul Ball, location: 2F 1-2: Ground out 4-3 (Groundball, 4, EV 90.6 MPH) Zack Short to third
|
Batting: LHB Raimel Tapia
|
0-0: Ball 1-0: Ball 2-0: Foul Ball, location: 2F 2-1: Ground out 4-3 (Groundball, 4, EV 105.6 MPH)
|
Bottom of the 3rd over - 0 runs, 1 hit, 0 errors, 1 left on base; Philadelphia 2 - Arizona 0 |
TOP OF THE 4TH |
Philadelphia Phillies batting - Pitching for Arizona Diamondbacks : LHP Max Fried
|
Batting: RHB Todd Frazier
|
0-0: Called Strike 0-1: SINGLE (Groundball, 56D, EV 107.5 MPH)
|
Batting: RHB Josh Harrison
|
0-0: Foul Ball, location: 2F 0-1: Ball 1-1: Ball 2-1: Sac Bunt to 2R - play at first, batter OUT! 2-4 Todd Frazier to second
|
Batting: RHB Russell Martin
|
0-0: Ball 1-0: Called Strike 1-1: Swinging Strike 1-2: Foul Ball, location: 2F 1-2: Strikes out swinging
|
Batting: LHB Alex Claudio
|
0-0: Ball 1-0: Ball 2-0: Called Strike 2-1: Ground out U3 (Groundball, 3S, EV 83.8 MPH)
|
Top of the 4th over - 0 runs, 1 hit, 0 errors, 1 left on base; Philadelphia 2 - Arizona 0 |
BOTTOM OF THE 4TH |
Arizona Diamondbacks batting - Pitching for Philadelphia Phillies : LHP Alex Claudio
|
Batting: LHB Alex Verdugo
|
0-0: Foul Ball, location: 2F 0-1: Called Strike 0-2: Foul Ball, location: 2F 0-2: Strikes out swinging
|
Batting: RHB Gleyber Torres
|
0-0: Called Strike 0-1: Called Strike 0-2: Foul Ball, location: 2F 0-2: Foul Ball, location: 2F 0-2: SINGLE (Flyball, 9S, EV 93.8 MPH)
|
Pitching: RHP Bryan Shaw
|
|
Batting: LHB Ryan McMahon
|
0-0: Foul Ball, location: 2F 0-1: Foul Ball, location: 2F 0-2: Ball 1-2: Strikes out swinging
|
Batting: SHB Francisco Mejia
|
0-0: DOUBLE (Line Drive, 9LS, EV 97.5 MPH) Gleyber Torres to third
|
Batting: LHB Josh Reddick
|
0-0: Called Strike 0-1: Ball 1-1: Ball 2-1: SINGLE (Flyball, 9LS, EV 93.1 MPH) Gleyber Torres scores Francisco Mejia to third Runner from 3rd tries for Home, throw by RF and OUT! 9-2
|
Bottom of the 4th over - 1 run, 3 hits, 0 errors, 1 left on base; Philadelphia 2 - Arizona 1 |
TOP OF THE 5TH |
Philadelphia Phillies batting - Pitching for Arizona Diamondbacks : LHP Max Fried
|
Batting: LHB Leonys Martin
|
0-0: Ball 1-0: Foul Ball, location: 2F 1-1: Ball 2-1: Ball 3-1: Called Strike 3-2: Foul Ball, location: 2F 3-2: Base on Balls
|
Batting: SHB Ketel Marte
|
0-0: Called Strike 0-1: Ball 1-1: Foul Ball, location: 2F 1-2: DOUBLE (Groundball, 5L, EV 109.4 MPH) Leonys Martin to third
|
Batting: RHB Giancarlo Stanton
|
0-0: Called Strike 0-1: Called Strike 0-2: SINGLE (Groundball, 4MD, EV 93.8 MPH) Leonys Martin scores Ketel Marte to third
|
Pitching: RHP Nick Gardewine
|
|
Batting: RHB Jesus Aguilar
|
0-0: Ball 1-0: Ball 2-0: Ball 3-0: Called Strike 3-1: Foul Ball, location: 2F 3-2: Base on Balls Giancarlo Stanton to second
|
Batting: LHB David Peralta
|
0-0: Ball 1-0: Called Strike 1-1: Swinging Strike 1-2: Ball 2-2: SINGLE (Groundball, 3D, EV 99.4 MPH) Ketel Marte scores Giancarlo Stanton to third Jesus Aguilar to second
|
Batting: RHB Todd Frazier
|
0-0: Called Strike 0-1: Foul Ball, location: 2F 0-2: Ball 1-2: SINGLE (Groundball, 6MD, EV 105.6 MPH) Giancarlo Stanton scores Jesus Aguilar to third David Peralta to second
|
Batting: RHB Josh Harrison
|
0-0: Foul Ball, location: 2F 0-1: Ball 1-1: Foul Ball, location: 2F 1-2: Foul Ball, location: 2F 1-2: Foul Ball, location: 2F 1-2: Hit by Pitch Jesus Aguilar scores David Peralta to third Todd Frazier to second
|
Pitching: RHP Raynel Espinal
|
|
Batting: RHB Russell Martin
|
0-0: Ball 1-0: Swinging Strike 1-1: Ball 2-1: SINGLE (Flyball, 7LS, EV 88.8 MPH) David Peralta scores Todd Frazier to third Josh Harrison to second
|
Batting: SHB Bryan Shaw
|
0-0: Called Strike 0-1: Ball 1-1: Foul Ball, location: 2F 1-2: Strikes out swinging
|
Batting: LHB Leonys Martin
|
0-0: Ball 1-0: Fly out, F6 (Popup, 6M, EV 63.8 MPH)
|
Batting: SHB Ketel Marte
|
0-0: Ball 1-0: Ball 2-0: Ball 3-0: Base on Balls Todd Frazier scores Josh Harrison to third Russell Martin to second
|
Batting: RHB Giancarlo Stanton
|
0-0: Ball 1-0: Ball 2-0: SINGLE (Groundball, 6MD, EV 98.8 MPH) Josh Harrison scores Russell Martin to third Ketel Marte to second
|
Batting: RHB Jesus Aguilar
|
0-0: Fly out, F9 (Flyball, 89S, EV 88.8 MPH)
|
Top of the 5th over - 7 runs, 6 hits, 0 errors, 3 left on base; Philadelphia 9 - Arizona 1 |
BOTTOM OF THE 5TH |
Arizona Diamondbacks batting - Pitching for Philadelphia Phillies : RHP Bryan Shaw
|
Batting: RHB Tim Beckham
|
0-0: Foul Ball, location: 2F 0-1: Ball 1-1: Foul Ball, location: 2F 1-2: Ground out 5-3 (Groundball, 56, EV 85.6 MPH)
|
Batting: RHB Zack Short
|
0-0: Ball 1-0: Swinging Strike 1-1: Ball 2-1: Swinging Strike 2-2: Ball 3-2: Strikes out swinging
|
Batting: RHB Raynel Espinal
|
0-0: Swinging Strike 0-1: Called Strike 0-2: Ball 1-2: Foul Ball, location: 2F 1-2: Strikes out swinging
|
Bottom of the 5th over - 0 runs, 0 hits, 0 errors, 0 left on base; Philadelphia 9 - Arizona 1 |
TOP OF THE 6TH |
Philadelphia Phillies batting - Pitching for Arizona Diamondbacks : RHP Raynel Espinal
|
Pitching: RHP J.B. Wendelken
|
|
Batting: LHB David Peralta
|
0-0: Called Strike 0-1: Swinging Strike 0-2: Strikes out looking
|
Batting: RHB Todd Frazier
|
0-0: Ground out 4-3 (Groundball, 6MS, EV 86.9 MPH)
|
Batting: RHB Josh Harrison
|
0-0: Ball 1-0: Foul Ball, location: 2F 1-1: Fly out, F9 (Flyball, 9S, EV 92.5 MPH)
|
Top of the 6th over - 0 runs, 0 hits, 0 errors, 0 left on base; Philadelphia 9 - Arizona 1 |
BOTTOM OF THE 6TH |
Arizona Diamondbacks batting - Pitching for Philadelphia Phillies : RHP Bryan Shaw
|
Pitching: RHP Lou Trivino
|
|
Batting: LHB Raimel Tapia
|
0-0: Called Strike 0-1: Foul Ball, location: 2F 0-2: Foul Ball, location: 2F 0-2: Strikes out looking
|
Batting: LHB Alex Verdugo
|
0-0: Ball 1-0: Ball 2-0: Swinging Strike 2-1: Foul Ball, location: 2F 2-2: Strikes out swinging
|
Batting: RHB Gleyber Torres
|
0-0: Swinging Strike 0-1: Swinging Strike 0-2: Ball 1-2: Foul Ball, location: 2F 1-2: Ball 2-2: Strikes out looking
|
Bottom of the 6th over - 0 runs, 0 hits, 0 errors, 0 left on base; Philadelphia 9 - Arizona 1 |
TOP OF THE 7TH |
Philadelphia Phillies batting - Pitching for Arizona Diamondbacks : RHP J.B. Wendelken
|
Batting: RHB Russell Martin
|
0-0: Ball 1-0: Called Strike 1-1: Swinging Strike 1-2: Foul Ball, location: 2F 1-2: Ball 2-2: Strikes out looking
|
Pinch Hitting: LHB Nicky Delmonico
|
0-0: Ball 1-0: Ball 2-0: Foul Ball, location: 2F 2-1: SOLO HOME RUN (Flyball, 9D, EV 99.4 MPH), Distance : 401 ft
|
Pitching: RHP Jandel Gustave
|
|
Pinch Hitting: RHB Delino DeShields Jr.
|
0-0: Ball 1-0: Called Strike 1-1: Foul Ball, location: 2F 1-2: Foul Ball, location: 2F 1-2: Ball 2-2: Strikes out swinging
|
Batting: SHB Ketel Marte
|
0-0: Swinging Strike 0-1: Called Strike 0-2: Ground out U3 (Groundball, 3, EV 84.4 MPH)
|
Top of the 7th over - 1 run, 1 hit, 0 errors, 0 left on base; Philadelphia 10 - Arizona 1 |
BOTTOM OF THE 7TH |
Arizona Diamondbacks batting - Pitching for Philadelphia Phillies : RHP Lou Trivino
|
Pitching: RHP Jamie Callahan
|
|
Now in CF: Delino DeShields Jr.
|
|
Batting: LHB Ryan McMahon
|
0-0: Called Strike 0-1: SINGLE (Groundball, 56D, EV 106.9 MPH)
|
Batting: SHB Francisco Mejia
|
0-0: Ball 1-0: Ball 2-0: Foul Ball, location: 2F 2-1: Foul Ball, location: 2F 2-2: Ball 3-2: Base on Balls Ryan McMahon to second
|
Batting: LHB Josh Reddick
|
0-0: Ball 1-0: Ball 2-0: Foul Ball, location: 2F 2-1: Foul Ball, location: 2F 2-2: Foul Ball, location: 2F 2-2: Foul Ball, location: 2F 2-2: Ball 3-2: Fly out, F3 (Line Drive, 3, EV 65.0 MPH) Lined into DP, U3 (Line Drive, 3, EV 69.4 MPH)
|
Batting: RHB Tim Beckham
|
0-0: Ball 1-0: Called Strike 1-1: Ball 2-1: Foul Ball, location: 2F 2-2: Foul Ball, location: 2F 2-2: Fly out, F8 (Flyball, 8RS, EV 91.3 MPH)
|
Bottom of the 7th over - 0 runs, 1 hit, 0 errors, 1 left on base; Philadelphia 10 - Arizona 1 |
TOP OF THE 8TH |
Philadelphia Phillies batting - Pitching for Arizona Diamondbacks : RHP Jandel Gustave
|
Batting: RHB Giancarlo Stanton
|
0-0: Called Strike 0-1: Foul Ball, location: 2F 0-2: Ball 1-2: Strikes out looking
|
Batting: RHB Jesus Aguilar
|
0-0: Foul Ball, location: 2F 0-1: Swinging Strike 0-2: Ball 1-2: Foul Ball, location: 2F 1-2: Strikes out looking
|
Batting: LHB David Peralta
|
0-0: Ball 1-0: Ball 2-0: Called Strike 2-1: Foul Ball, location: 2F 2-2: Foul Ball, location: 2F 2-2: SINGLE (Line Drive, 34D, EV 99.4 MPH)
|
Pitching: RHP Jairo Diaz
|
|
Batting: RHB Todd Frazier
|
0-0: Called Strike 0-1: Swinging Strike 0-2: Strikes out swinging
|
Top of the 8th over - 0 runs, 1 hit, 0 errors, 1 left on base; Philadelphia 10 - Arizona 1 |
BOTTOM OF THE 8TH |
Arizona Diamondbacks batting - Pitching for Philadelphia Phillies : RHP Jamie Callahan
|
Pitching: RHP Jumbo Diaz
|
|
Batting: RHB Zack Short
|
0-0: Ball 1-0: Ball 2-0: Ball 3-0: Called Strike 3-1: Called Strike 3-2: Foul Ball, location: 2F 3-2: Base on Balls
|
Batting: RHB Jairo Diaz
|
0-0: Bunt - Flyout to 13! F1
|
Batting: LHB Raimel Tapia
|
0-0: Ball 1-0: Called Strike 1-1: Ball 2-1: Foul Ball, location: 2F 2-2: Foul Ball, location: 2F 2-2: SINGLE (Line Drive, 8RS, EV 92.5 MPH) Zack Short to second
|
Batting: LHB Alex Verdugo
|
0-0: Ball 1-0: Called Strike 1-1: Foul Ball, location: 2F 1-2: Fly out, F8 (Flyball, 8RM, EV 91.9 MPH)
|
Batting: RHB Gleyber Torres
|
0-0: Ball 1-0: Ball 2-0: Swinging Strike 2-1: Called Strike 2-2: Foul Ball, location: 2F 2-2: Ball 3-2: Foul Ball, location: 2F 3-2: SINGLE (Flyball, 7S, EV 98.1 MPH) Zack Short to third Raimel Tapia to second Zack Short scores Raimel Tapia to third
|
Pitching: RHP Seung-hwan Oh
|
|
Batting: LHB Ryan McMahon
|
0-0: Swinging Strike 0-1: 3-RUN HOME RUN (Flyball, 7LD, EV 95.6 MPH), Distance : 341 ft
|
Batting: SHB Francisco Mejia
|
0-0: Called Strike 0-1: Ball 1-1: Called Strike 1-2: Ball 2-2: Strikes out swinging
|
Bottom of the 8th over - 4 runs, 3 hits, 0 errors, 0 left on base; Philadelphia 10 - Arizona 5 |
TOP OF THE 9TH |
Philadelphia Phillies batting - Pitching for Arizona Diamondbacks : RHP Jairo Diaz
|
Batting: RHB Josh Harrison
|
0-0: Called Strike 0-1: Fly out, F8 (Flyball, 78XD, EV 99.4 MPH)
|
Batting: RHB Russell Martin
|
0-0: Swinging Strike 0-1: Foul Ball, location: 2F 0-2: Ball 1-2: Strikes out swinging
|
Pinch Hitting: LHB Justin Bour
|
0-0: Foul Ball, location: 2F 0-1: Ball 1-1: Foul Ball, location: 2F 1-2: Ball 2-2: Foul Ball, location: 2F 2-2: SOLO HOME RUN (Flyball, 89XD, EV 104.4 MPH), Distance : 412 ft
|
Batting: RHB Delino DeShields Jr.
|
0-0: Swinging Strike 0-1: Called Strike 0-2: Strikes out swinging
|
Top of the 9th over - 1 run, 1 hit, 0 errors, 0 left on base; Philadelphia 11 - Arizona 5 |
BOTTOM OF THE 9TH |
Arizona Diamondbacks batting - Pitching for Philadelphia Phillies : RHP Seung-hwan Oh
|
Pitching: RHP Jake Petricka
|
|
Batting: LHB Josh Reddick
|
0-0: Called Strike 0-1: Fly out, F7 (Flyball, 7S, EV 94.4 MPH)
|
Batting: RHB Tim Beckham
|
0-0: Foul Ball, location: 2F 0-1: Foul Ball, location: 2F 0-2: Ball 1-2: Ball 2-2: Ball 3-2: Base on Balls
|
Pitching: RHP Kenley Jansen
|
|
Batting: RHB Zack Short
|
0-0: Ball 1-0: Ball 2-0: SINGLE (Groundball, 34S, EV 79.4 MPH) (infield hit) Tim Beckham to second
|
Pinch Hitting: RHB Christian Walker
|
0-0: Ball 1-0: Foul Ball, location: 2F 1-1: 3-RUN HOME RUN (Flyball, 7D, EV 101.9 MPH), Distance : 367 ft
|
Batting: LHB Raimel Tapia
|
0-0: Ball 1-0: SINGLE (Groundball, 4MD, EV 97.5 MPH)
|
Batting: LHB Alex Verdugo
|
0-0: Called Strike 0-1: Ball 1-1: Ball 2-1: Foul Ball, location: 2F 2-2: Ball 3-2: SINGLE (Line Drive, 89M, EV 102.5 MPH) Raimel Tapia to second
|
Batting: RHB Gleyber Torres
|
0-0: Foul Ball, location: 2F 0-1: Called Strike 0-2: Ball 1-2: Ball 2-2: Grounds into double play, 2-4-3 (Groundball, 2L, EV 70.0 MPH)
|
Bottom of the 9th over - 3 runs, 4 hits, 0 errors, 1 left on base; Philadelphia 11 - Arizona 8 |
|